 Dungeon Crawl Stone Soup version 0.17.0-56-gd8de76c (webtiles) character file.

26807 seesque the Severer (level 13, -7/113 HPs)
             Began as a Minotaur Berserker on Dec 6, 2015.
             Was the Champion of Trog.
             Hit by a large rock thrown by a stone giant (36 damage)
             ... on level 3 of the Orcish Mines.
             The game lasted 01:06:03 (17060 turns).

seesque the Severer (Minotaur Berserker)           Turns: 17060, Time: 01:06:03

Health: -7/113     AC: 21    Str: 26 (27) XL:     13   Next: 0%
Magic:  12/12      EV: 12    Int:  5 (6)  God:    Trog [******]
Gold:   1578       SH:  0    Dex: 10      Spells: 0 memorised, 12 levels left

rFire  . . .     SeeInvis +     L - +4 battleaxe (holy)
rCold  + . .     Clarity  +     G - +2 plate armour {rC+}
rNeg   . . .     SustAt   .     (shield currently unavailable)
rPois  .         Gourm    .     (helmet restricted)
rElec  .         Spirit   .     a - +0 cloak
rCorr  .         Warding  .     y - +1 pair of gloves
rMut   .         Stasis   .     (no boots)
MR     .....                    x - amulet of regeneration
Stlth  ..........               T - ring of see invisible
                                v - +4 ring of evasion

@: not resistant to hostile enchantments, extremely unstealthy
A: retaliatory headbutt, horns 2, clarity, clever 1, deterioration 1
a: Berserk, Trog's Hand, Brothers in Arms, Burn Spellbooks, Renounce Religion


You were on level 3 of the Orcish Mines.
You worshipped Trog.
Trog was exalted by your worship.
You were hungry.

You visited 2 branches of the dungeon, and saw 15 of its levels.

You collected 1998 gold pieces.
You spent 420 gold pieces at shops.

Inventory:

Hand Weapons
 d - a +1 great mace of crushing
 L - a +4 battleaxe of holy wrath (weapon)
Missiles
 A - 7 tomahawks of returning (quivered)
 J - 3 exploding tomahawks
 K - 10 poisoned tomahawks
Armour
 a - a +0 cloak (worn)
 y - a +1 pair of gloves (worn)
 G - a +2 plate armour of cold resistance (worn)
Jewellery
 m - an uncursed amulet of rage
 v - a +4 ring of evasion (left hand)
 w - an uncursed ring of ice
 x - an amulet of regeneration (around neck)
 T - a ring of see invisible (right hand)
Wands
 B - a wand of paralysis (17)
 I - a wand of lightning (7)
 O - a wand of frost (27)
 R - a wand of lightning (10)
 S - a wand of heal wounds (2)
 V - a wand of fireball (9)
 X - a wand of paralysis (21)
 Z - a wand of disintegration (24)
Scrolls
 b - 3 scrolls of enchant weapon
 g - 3 scrolls of identify
 h - 5 scrolls of fear
 i - a scroll of remove curse
 k - a scroll of fog
 n - 3 scrolls of enchant armour
 t - 3 scrolls of teleportation
 F - a scroll of summoning {unknown}
 P - 2 scrolls of recharging
 Q - a scroll of silence
Potions
 e - a potion of haste
 j - 2 potions of degeneration {unknown}
 l - 2 potions of flight
 q - 11 potions of curing
 s - 2 potions of might
 D - a potion of cancellation {unknown}
 H - 2 potions of invisibility
 U - a potion of ambrosia {unknown}
 Y - a potion of resistance {unknown}
Books
 N - a book of the Dragon

   Spells                             Type                      Level
   a - Flame Tongue                   Conjuration/Fire             1
   b - Cause Fear                     Hexes                        4
   c - Bolt of Fire                   Conjuration/Fire             6
   d - Dragon Form                    Transmutation                7
   e - Dragon's Call                  Summoning                    9
   Trog disapproves of the use of such an item.
Comestibles
 c - 3 bread rations
 p - a meat ration
 r - 9 fruits
 z - 5 beef jerkies
 C - a slice of pizza
 M - 10 royal jellies


   Skills:
 - Level 10.0 Fighting
 + Level 19.8 Axes
 * Level 12.2 Armour
 - Level 2.1 Dodging
 + Level 0.1 Evocations


You had 12 spell levels left.
You didn't know any spells.

Dungeon Overview and Level Annotations

Branches:
Dungeon (11/15)            Temple (0/1) D:7            Lair (0/8) D:8
    Orc (4/4) D:11            Elf (0/3) Orc:3

Altars:
Ashenzari
Elyvilon
Gozag
Makhleb
Nemelex Xobeh
Okawaru
Sif Muna
Yredelemnul
Zin
Beogh

Shops:
D:7 [   Orc:1 =

Portals:
Trove: D:10 (give 5 scrolls of blinking)


Innate Abilities, Weirdness & Mutations

You reflexively headbutt those who attack you in melee.
You have a pair of horns on your head.
You possess an exceptional clarity of mind.
Your mind is acute. (Int +2)
Your body sometimes deteriorates upon taking damage.


Message History

You kill the orc warrior!
Trog accepts your kill.
Things that are here:
a flail; a plate armour You start resting.
You are feeling hungry.
You start resting.
A stone giant comes into view.
A stone giant is nearby!
A stone giant is nearby!
The stone giant shouts!
The stone giant throws a large rock.
The large rock hits you!!
Your body deteriorates!
You feel weakened.
You see here a large rock.
The stone giant throws a large rock.
The large rock hits you!!
* * * LOW HITPOINT WARNING * * *
Your body deteriorates!
You feel dopey.
You see here a large rock.
The stone giant throws a large rock.
The large rock hits you!!!
You die...

### ##.### #####....##
##.##......#
#...#.....###
##.....[.#..##
##...)>[.....##
#....([.@<....#
#####...(........#
##................#
#..........##.....####
##........C#.........#
#........#.......##.##
###....[)........#...#
##..#)[###....###..##
#.##[[######.......######


You could see a stone giant.

Vanquished Creatures
  An orc warlord (Orc:4)
  The ghost of Peloso the Blocker, a journeyman MiFi of Okawaru (D:11)
  Snorg (Orc:3)
  Erolcha (D:9)
  A centaur warrior (D:10)
  The ghost of seesque the Severer, a novice MiBe of Trog (D:11)
  2 orc high priests (Orc:4)
  3 hill giants
  3 orc knights
  Pikel (D:6)
  4 orc sorcerers
  A cyclops (D:11)
  Maurice (D:11)
  The ghost of Wutend the Slasher, a novice OpFi (D:5)
  2 guardian mummies (D:10)
  2 trolls
  Prince Ribbit (D:9)
  A fire drake (D:8)
  2 deep elf magi
  A wyvern (D:10)
  4 yaks (D:9)
  2 wolves (D:11)
  Grum (D:11)
  A steam dragon (D:11)
  5 hippogriffs
  5 wargs
  A hungry ghost (D:7)
  Edmund (D:5)
  2 soldier ants (D:8)
  A black bear (D:9)
  30 orc warriors
  A wasp (D:6)
  2 phantoms
  3 sky beasts
  A necrophage (D:9)
  19 big kobolds
  10 ogres
  A brain worm (D:8)
  5 centaurs
  3 giant frogs
  A water moccasin zombie (D:11)
  A scorpion (D:8)
  A water moccasin skeleton (D:7)
  9 killer bees (D:8)
  12 wights
  A jelly (D:7)
  4 crimson imps
  A centaur zombie (D:8)
  39 orc priests
  Crazy Yiuf (D:5)
  Ijyb (D:3)
  34 orc wizards
  A hound (D:5)
  Jessica (D:2)
  An iguana (D:10)
  3 killer bee zombies
  9 worker ants
  9 gnolls
  A worker ant zombie (D:6)
  8 adders
  A shadow imp (D:5)
  2 adder skeletons
  An adder zombie (D:3)
  6 giant geckos
  209 orcs
  3 bats
  5 hobgoblins
  4 jackals (D:7)
  39 kobolds
  3 quokkas
  6 giant cockroaches
  4 giant newts
  11 goblins
  A jackal skeleton (D:4)
  A quokka skeleton (D:5)
  9 rats
572 creatures vanquished.

Vanquished Creatures (others)
  A sky beast (D:5)
  An orc (Orc:4)
2 creatures vanquished.

Grand Total: 574 creatures vanquished

Notes
Turn   | Place    | Note
--------------------------------------------------------------
     0 | D:1      | seesque the Minotaur Berserker began the quest for the Orb.
     0 | D:1      | Reached XP level 1. HP: 19/19 MP: 0/0
    49 | D:1      | Reached skill level 4 in Axes
   313 | D:1      | Reached XP level 2. HP: 16/26 MP: 1/1
   858 | D:1      | Reached ** piety under Trog
   969 | D:1      | Reached skill level 5 in Axes
  1385 | D:2      | Noticed Jessica
  1391 | D:2      | Killed Jessica
  1391 | D:2      | Reached XP level 3. HP: 31/31 MP: 2/2
  1486 | D:2      | You fall through a shaft!
  1529 | D:3      | Reached XP level 4. HP: 37/39 MP: 3/3
  1627 | D:3      | Reached skill level 6 in Axes
  1792 | D:3      | Noticed Ijyb
  1801 | D:3      | Killed Ijyb
  1801 | D:3      | Reached skill level 7 in Axes
  1801 | D:3      | Reached XP level 5. HP: 35/45 MP: 4/4
  2619 | D:2      | Reached *** piety under Trog
  2768 | D:2      | Found a shattered altar of Ashenzari.
  2991 | D:4      | Reached skill level 8 in Axes
  3029 | D:4      | Reached XP level 6. HP: 39/51 MP: 5/5
  3038 | D:4      | Received a gift from Trog
  3295 | D:4      | Noticed an ogre
  3300 | D:4      | Killed an ogre
  3300 | D:4      | Reached skill level 9 in Axes
  3815 | D:5      | Entered Level 5 of the Dungeon
  3817 | D:5      | Noticed Edmund
  3839 | D:5      | Reached XP level 7. HP: 38/57 MP: 6/6
  3845 | D:5      | Killed Edmund
  3845 | D:5      | Reached skill level 10 in Axes
  4177 | D:5      | Noticed Wutend's ghost (novice OpFi)
  4191 | D:5      | Killed Wutend's ghost
  4191 | D:5      | Reached skill level 11 in Axes
  4191 | D:5      | Reached XP level 8. HP: 31/64 MP: 7/7
  4519 | D:5      | Found a white marble altar of Elyvilon.
  4704 | D:5      | Reached skill level 12 in Axes
  4755 | D:5      | Noticed Crazy Yiuf
  4762 | D:5      | Killed Crazy Yiuf
  5563 | D:6      | Noticed Pikel
  5581 | D:6      | Found a sparkling altar of Nemelex Xobeh.
  5581 | D:6      | Found an opulent altar of Gozag.
  5603 | D:6      | HP: 2/96 [slave[Pikel] (4)]
  5604 | D:6      | Killed Pikel
  5604 | D:6      | Reached skill level 13 in Axes
  5965 | D:6      | Reached XP level 9. HP: 70/70 MP: 8/8
  5999 | D:6      | Reached skill level 14 in Axes
  6535 | D:6      | Found a glowing silver altar of Zin.
  6536 | D:6      | Noticed an angel
  6741 | D:7      | Found Zajiew's Armour Shop.
  7148 | D:7      | Reached **** piety under Trog
  7294 | D:7      | Reached skill level 15 in Axes
  7439 | D:7      | Found a staircase to the Ecumenical Temple.
  7791 | D:8      | Reached skill level 16 in Axes
  7815 | D:8      | Reached XP level 10. HP: 66/77 MP: 9/9
  7879 | D:8      | Found a staircase to the Lair.
  8065 | D:8      | Noticed a fire drake
  8069 | D:8      | Killed a fire drake
  8087 | D:8      | Reached skill level 17 in Axes
  8089 | D:8      | Reached ***** piety under Trog
  8658 | D:8      | Received a gift from Trog
  9002 | D:9      | Reached skill level 18 in Axes
  9168 | D:9      | Noticed Prince Ribbit
  9367 | D:9      | Found a burning altar of Makhleb.
  9412 | D:9      | Found an iron altar of Okawaru.
  9483 | D:9      | Found a deep blue altar of Sif Muna.
  9643 | D:9      | Noticed Erolcha
  9655 | D:9      | Killed Erolcha
  9655 | D:9      | Reached skill level 5 in Fighting
  9655 | D:9      | Reached XP level 11. HP: 31/88 MP: 10/10
 10251 | D:9      | Reached skill level 5 in Armour
 10312 | D:9      | Killed Prince Ribbit
 10429 | D:10     | Entered Level 10 of the Dungeon
 10472 | D:10     | Noticed a hill giant
 10481 | D:10     | Killed a hill giant
 10969 | D:10     | Found a basalt altar of Yredelemnul.
 11481 | D:10     | Found a portal to a secret trove of treasure.
 11629 | D:10     | Noticed a centaur warrior
 11638 | D:10     | Killed a centaur warrior
 11787 | D:10     | Noticed a hill giant
 11793 | D:10     | Killed a hill giant
 12248 | D:11     | Noticed Maurice
 12252 | D:11     | Noticed Grum
 12279 | D:11     | Killed Maurice
 12299 | D:11     | Killed Grum
 12374 | D:11     | Gained mutation: Your body sometimes deteriorates upon taking damage. [potion of mutation]
 12374 | D:11     | Gained mutation: Your mind is acute. (Int +2) [potion of mutation]
 12374 | D:11     | Gained mutation: You possess an exceptional clarity of mind. [potion of mutation]
 12528 | D:11     | Noticed seesque's ghost (novice MiBe)
 12558 | D:11     | Killed seesque's ghost
 13107 | D:11     | Noticed Peloso's ghost (journeyman MiFi)
 13134 | D:11     | Killed Peloso's ghost
 13134 | D:11     | Reached skill level 10 in Armour
 13134 | D:11     | Reached XP level 12. HP: 51/105 MP: 11/11
 13467 | D:11     | Noticed a hill giant
 13476 | D:11     | Killed a hill giant
 13676 | D:11     | Found a staircase to the Orcish Mines.
 13694 | Orc:1    | Entered Level 1 of the Orcish Mines
 13694 | Orc:1    | Found a roughly hewn altar of Beogh.
 13950 | Orc:2    | Reached skill level 10 in Fighting
 14012 | Orc:2    | Reached ****** piety under Trog
 14018 | Orc:2    | Received a gift from Trog
 14475 | Orc:1    | Found Neugemur's Jewellery Shop.
 14531 | Orc:1    | Bought an uncursed amulet of regeneration for 420 gold pieces
 14672 | Orc:3    | Found a staircase to the Elven Halls.
 14816 | Orc:3    | Received a gift from Trog
 14922 | Orc:3    | Noticed Snorg
 14932 | Orc:3    | Killed Snorg
 15500 | Orc:4    | Entered Level 4 of the Orcish Mines
 15578 | Orc:4    | Received a gift from Trog
 15849 | Orc:4    | Reached skill level 19 in Axes
 15872 | Orc:4    | HP: 5/159 [orc priest/divine providence (14)]
 15877 | Orc:4    | HP: 5/106 [orc warrior/silver tomahawk (1)]
 16204 | Orc:4    | Found a roughly hewn altar of Beogh.
 16550 | Orc:4    | Paralysed by an orc sorcerer for 5 turns
 16557 | Orc:4    | Noticed an orc warlord
 16716 | Orc:4    | Received a gift from Trog
 16721 | Orc:4    | Killed an orc warlord
 16999 | Orc:4    | Reached XP level 13. HP: 73/113 MP: 12/12
 17056 | Orc:3    | Noticed a stone giant
 17060 | Orc:3    | Hit by a large rock thrown by a stone giant

Action                   |  1- 3 |  4- 6 |  7- 9 | 10-12 | 13-15 || total
-------------------------+-------+-------+-------+-------+-------++-------
Melee: Hand axe          |    65 |    46 |       |       |       ||   111
       War axe           |       |    95 |   249 |   301 |       ||   645
       Battleaxe         |       |       |       |   512 |     9 ||   521
       Broad axe         |       |       |       |    97 |       ||    97
Throw: Tomahawk          |       |       |       |    33 |       ||    33
Invok: Berserk           |       |     3 |     2 |     5 |       ||    10
 Abil: Evoke Berserk Rag |       |       |       |     1 |       ||     1
  Use: Potion            |       |       |     1 |    10 |       ||    11
       Scroll            |       |       |       |    10 |       ||    10
 Stab: Sleeping          |     1 |       |       |       |       ||     1
  Eat: Chunk             |     2 |     9 |    14 |    32 |     1 ||    58
       Bread ration      |       |       |     1 |     1 |       ||     2
       Fruit             |       |       |       |     1 |       ||     1
